 Dungeon Crawl Stone Soup version 0.31-a0-986-g5e6e4ef867 (webtiles) character file.

Game seed: 4934300383204638446

114 Fodor the Covered (level 4, -3/60 HPs)
             Began as a Minotaur Fighter on Nov 11, 2023.
             Slain by Duvessa
             ... wielding a +0 short sword
              (14 damage)
             ... on level 4 of the Dungeon.
             The game lasted 00:13:54 (2419 turns).

Fodor the Covered (Minotaur Fighter)                Turns: 2419, Time: 00:13:54

Health: -3/60      AC: 22    Str: 22    XL:     4   Next: 66%
Magic:  3/3        EV:  2    Int:  5    God:
Gold:   162        SH:  4    Dex: 10    Spells: 3/3 levels left

rFire   + . .        a - +0 war axe
rCold   + . .        c - +0 buckler
rNeg    . . .        b - melded +0 scale mail
rPois   +            (helmet currently unavailable)
rElec   +            v - melded +2 cloak
rCorr   +            (gloves currently unavailable)
SInv    +            u - melded +0 pair of boots
Will    .....        (no amulet)
Stlth   +            m - ring of see invisible
HPRegen 0.30/turn    (no ring)
MPRegen 0.08/turn

%: no passive effects
@: mighty, tree-form, resistant, hasted, very quick
A: stationary, stasis, torment immunity, boosted hp, (horns 2), (retaliatory
headbutt)
a: no special abilities


You were on level 4 of the Dungeon.
You were a tree.
You visited 1 branch of the dungeon, and saw 4 of its levels.

You collected 162 gold pieces.

Inventory:

Hand Weapons
 a - a +0 war axe (weapon)
Missiles
 e - 21 poisoned darts (quivered)
 w - 5 javelins
Armour
 b - a +0 scale mail (melded)
 c - a +0 buckler (worn)
 u - a +0 pair of boots (melded)
 v - a +2 cloak (melded)
Jewellery
 m - a ring of see invisible (left branch)
Talismans
 y - a flux talisman
Wands
 x - a wand of polymorph (1)
Scrolls
 f - 4 scrolls of identify {unknown}
 g - a scroll of poison {unknown}
 h - a scroll of fear {unknown}
 j - a scroll of enchant armour {unknown}
 k - a scroll of noise {unknown}
 l - 2 scrolls of teleportation {unknown}
 n - 2 scrolls of immolation {unknown}
 o - a scroll of blinking {unknown}
 r - a scroll of revelation {unknown}
 s - a scroll of enchant weapon {unknown}


   Skills:
 + Level 4.2 Fighting
 + Level 3.9 Axes
 + Level 4.4 Armour
 + Level 1.1 Dodging
 + Level 0.1 Stealth
 + Level 4.3 Shields


You had 3 spell levels left.
You didn't know any spells.
Your spell library contained the following spells:

 Spells                   Type           Power      Damage    Failure   Level
 Ensorcelled Hibernation  Hex/Ice        0%         N/A       67%         2
 Passwall                 Tmut/Erth      0%         N/A       67%         2
 Wereblood                Tmut           0%         N/A       67%         2
 Swiftness                Air            0%         N/A       88%         3
 Irradiate                Conj/Tmut      0%         3d11      100%        5


Dungeon Overview and Level Annotations

Branches:
Dungeon (4/15)
 Temple: D:4-7

Altars:
Fedhas
Makhleb
Qazlal

Annotations:
D:4 Duvessa


Innate Abilities, Weirdness & Mutations

You are a tree.
Your roots penetrate the ground, keeping you stationary.
You cannot be teleported.
You are immune to unholy pain and torment.
Your maximum health is greatly increased.
Your equipment is partially melded.
((You have a pair of horns on your head.))
((You reflexively headbutt those who attack you in melee.))


Message History

It was a potion of ambrosia.
You are confused.
You feel invigorated. Duvessa hits you but does no damage.
Dowan bites you but does no damage. Duvessa misses you.
It was a potion of resistance.
You feel protected. Duvessa hits you with a +0 short sword.
* * * LOW HITPOINT WARNING * * *
Dowan closely misses you.
It was a potion of haste.
You feel yourself speed up. Duvessa barely misses you. Dowan barely misses you.
Duvessa hits you with a +0 short sword!
* * * LOW HITPOINT WARNING * * *
It was a potion of lignification.
You turn into a tree.
Your +2 cloak melds into your body.
Your +0 pair of boots melds into your body.
Your +0 scale mail melds into your body.
Your roots penetrate the ground.
Dowan bites you but does no damage. Duvessa hits you but does no damage.
You feel very mighty all of a sudden.
You feel less invigorated.
You feel less confused. Dowan bites you.
* * * LOW HITPOINT WARNING * * *
You block Duvessa's attack.
You barely miss Duvessa.
Duvessa is lightly wounded.
You slash Dowan!
You kill Dowan!
Duvessa weeps, and shakes her weapon.
Duvessa goes berserk!
Dowan returns to his original shape as he dies.
You block Duvessa's attack.
You hit Duvessa but do no damage.
Duvessa is lightly wounded.
Duvessa hits you but does no damage.
You slice Duvessa!!
Duvessa is heavily wounded.
Duvessa hits you with a +0 short sword!
You die...

#. #.#. #.#.
#.#.########
#..........#
#..........#
#....).....# #..#
#...♣......# #..#
#....e.....# ...#
###.......##
..##########.......#
...................#
.
#.######.###?......#
..##.# #.# #.......#
#...<# #.# #.......#
####.######.#
#########


You could see Duvessa (berserk, fast).

Vanquished Creatures
  Jessica (D:3)
  An adder (D:2)
  2 worms
  An orc (D:3)
  6 ball pythons
  3 bats
  10 endoplasms
  4 giant cockroaches
  6 goblins
  7 hobgoblins
  3 quokkas (D:2)
  7 frilled lizards
  8 kobolds
  6 rats
65 creatures vanquished.

Notes
Turn   | Place    | Note
-------+----------+-------------------------------------------
     0 | D:1      | Fodor the Minotaur Fighter began the quest for the Orb.
     0 | D:1      | Reached XP level 1. HP: 19/19 MP: 0/0
    52 | D:1      | Reached XP level 2. HP: 24/27 MP: 1/1
   695 | D:1      | Reached XP level 3. HP: 32/33 MP: 2/2
  1607 | D:3      | Reached XP level 4. HP: 40/40 MP: 3/3
  1667 | D:3      | Found a burning altar of Makhleb.
  1678 | D:3      | Found a stormy altar of Qazlal.
  1831 | D:3      | Found a blossoming altar of Fedhas.
  2276 | D:3      | Noticed Jessica
  2281 | D:3      | Killed Jessica
  2282 | D:3      | Reached skill level 1 in Dodging
  2397 | D:4      | Noticed Dowan
  2399 | D:4      | Noticed Duvessa
  2410 | D:4      | Dowan changed into Dowan the giant cockroach
  2410 | D:4      | Noticed Dowan
  2410 | D:4      | HP: 2/40 [Duvessa/+0 short sword (4)]
  2417 | D:4      | Killed Dowan the giant cockroach
  2419 | D:4      | Slain by Duvessa

Illustrated notes

Levels and vault maps discovered:
D:1:      wander_arrival_peaceful_grave, layout_basic, minmay_indecisive_spiral
D:2:      layout_basic, minmay_diced_spiral
D:3:      layout_loops_corners, mainiacjoe_overflow_big_doors,
          mainiacjoe_overflow_chevrons, uniq_jessica
D:4:      layout_basic, xom_butterflies, marbit_many_paths,
          minmay_temple_entry_purple_smoke, uniq_duvessa

Skill      XL: |  1  2  3  4 |
---------------+-------------+-----
Armour         | 4 |  4.4
Fighting       | 4 |  4.2
Shields        | 4 |  4.3
Axes           | 3 |  3.9
Dodging        | 1 |  1.1
Stealth        | |  0.1

Action                     |  1- 3 |  4- 6 || total
---------------------------+-------+-------++-------
  Melee: War axe           |    88 |    37 ||   125
         Headbutt          |     6 |     4 ||    10
  Throw: Dart              |     4 |     2 ||     6
  Evoke: Wand              |       |     2 ||     2
    Use: Potion            |       |     5 ||     5
 Armour: Scale mail        |    66 |    32 ||    98
         Skin              |       |     5 ||     5
  Dodge: Dodged            |    48 |    17 ||    65
  Block: Buckler           |    22 |    12 ||    34

Table legend: (Time is in decaauts)
 A = Elapsed time spent in this place.
 B = Non-inter-level travel time spent in this place.
 C = Inter-level travel time spent in this place.
 D = Time resting spent in this place.
 E = Time spent auto-exploring this place.
 F = Levels seen in this place.
 G = Mean time per level.
                   A        B        C        D        E       F      G
               +--------+--------+--------+--------+--------+-----+--------+
         Total |   2463 |   2266 |    197 |     20 |      0 |   4 |  615.8 |
       Dungeon |   2463 |   2266 |    197 |     20 |      0 |   4 |  615.8 |
               +--------+--------+--------+--------+--------+-----+--------+

Top non-repeatable levels by time:
     D:3: 999 daAuts
     D:1: 868 daAuts
     D:2: 552 daAuts
     D:4: 42 daAuts
